[ AOE2 MATCH · #474029290 ]
Team RMBerbers vs Persians
[ REPLAY ANALYSIS · EXTRACTED FROM THE RECORDED GAME ]
Feudal
13:38
Castle
26:51
Imperial
46:28
| APM avg | 16.1 |
| APM peak | 40 |
| eAPM avg | 11.5 |
| Villagers / military | 100 / 183 |
Focus
⚔️ 35.7% · 🌾 64.3%
Archer ×79 · Spearman ×67 · Camel Scout ×20 · Militia ×9 · Mangonel ×4 · Trebuchet (Packed) ×2
Feudal
15:23
Castle
26:31
Imperial
46:47
| APM avg | 17.4 |
| APM peak | 37 |
| eAPM avg | 13.5 |
| Villagers / military | 131 / 135 |
Focus
⚔️ 24.1% · 🌾 75.9%
Spearman ×27 · Camel Scout ×26 · Archer ×24 · Knight ×23 · Trade Cart ×15 · Militia ×11
Feudal
—
Castle
—
Imperial
—
| APM avg | 17.9 |
| APM peak | 32 |
| eAPM avg | 10.6 |
| Villagers / military | 109 / 127 |
Focus
⚔️ 26.3% · 🌾 73.7%
Spearman ×45 · Militia ×45 · Knight ×13 · Scout Cavalry ×10 · Trade Cart ×10 · Centurion ×5
Feudal
12:23
Castle
18:00
Imperial
35:55
| APM avg | 28.4 |
| APM peak | 70 |
| eAPM avg | 15.5 |
| Villagers / military | 101 / 108 |
Focus
⚔️ 32.2% · 🌾 67.8%
Archer ×67 · Camel Scout ×26 · Mangonel ×4 · Genitour ×4 · Cavalry Archer ×3 · Trebuchet (Packed) ×3
Match map
Resources at game start + every placement click. Thick line = wall · dashed box = detected house wall. 🟡 gold · ⚪ stone · 🟢 berries · 🔶 boar · ⭕ relic
Inputs per minute
— Lord Bendtner - - remoba66_
Build order — Lord Bendtner
First 150 of 239 actions detected
| 0:06 | Create | Villager (Male) ×4 |
| 0:09 | Build | House |
| 1:20 | Research | Loom |
| 1:46 | Create | Villager (Male) |
| 2:03 | Create | Villager (Male) |
| 2:39 | Build | House |
| 3:20 | Create | Villager (Male) ×3 |
| 4:00 | Create | Villager (Male) ×2 |
| 4:26 | Build | Palisade Wall |
| 4:39 | Create | Villager (Male) |
| 4:49 | Build | Building 796 |
| 5:10 | Create | Villager (Male) ×2 |
| 5:28 | Build | House |
| 5:37 | Create | Villager (Male) ×2 |
| 5:54 | Build | House |
| 5:54 | Build | House |
| 6:14 | Create | Villager (Male) |
| 6:49 | Build | Palisade Wall |
| 6:55 | Create | Villager (Male) ×3 |
| 7:02 | Build | Lumber Camp |
| 8:13 | Create | Villager (Male) ×5 |
| 10:01 | Build | Barracks |
| 10:10 | Build | Mining Camp |
| 11:11 | Research | Feudal Age |
| 11:26 | Create | Militia |
| 11:39 | Build | House |
| 11:44 | Build | House |
| 12:09 | Create | Militia ×3 |
| 12:28 | Build | Mill |
| 12:51 | Create | Militia |
| 13:38 | Age | Feudal Age |
| 13:40 | Research | Man-at-Arms (upgrade) |
| 13:51 | Build | House |
| 13:52 | Build | House |
| 13:55 | Create | Villager (Male) |
| 14:26 | Build | Archery Range |
| 14:28 | Create | Villager (Male) ×2 |
| 14:48 | Research | Arson |
| 14:57 | Create | Villager (Male) |
| 15:11 | Build | Blacksmith |
| 15:32 | Create | Villager (Male) |
| 15:38 | Create | Archer ×5 |
| 15:53 | Create | Archer ×3 |
| 16:06 | Build | Stone Wall |
| 16:12 | Build | Building 490 |
| 16:23 | Research | Fletching |
| 16:41 | Build | Barracks |
| 17:02 | Create | Villager (Male) ×3 |
| 17:10 | Build | Farm |
| 17:30 | Build | Mining Camp |
| 17:33 | Build | House |
| 17:34 | Build | House |
| 17:44 | Create | Militia |
| 18:12 | Create | Militia |
| 18:57 | Build | Farm |
| 18:58 | Build | Farm |
| 18:58 | Build | Farm |
| 18:59 | Build | Farm |
| 19:00 | Build | Farm |
| 19:02 | Build | Farm |
| 19:03 | Build | Farm |
| 19:03 | Build | Farm |
| 19:05 | Build | Farm |
| 19:07 | Build | Farm |
| 19:09 | Research | Horse Collar |
| 19:18 | Create | Villager (Male) |
| 19:28 | Create | Archer ×5 |
| 19:46 | Build | Farm |
| 20:12 | Build | Building 487 |
| 20:16 | Build | Stone Wall |
| 20:22 | Create | Villager (Male) ×3 |
| 20:34 | Build | House |
| 21:09 | Build | Farm |
| 21:30 | Build | Farm |
| 21:45 | Build | Mill |
| 21:47 | Build | Farm |
| 21:48 | Research | Double-Bit Axe |
| 22:04 | Create | Villager (Male) ×5 |
| 23:28 | Build | Building 487 |
| 23:39 | Build | Stone Wall |
| 23:52 | Create | Militia |
| 23:52 | Create | Militia |
| 24:11 | Research | Castle Age |
| 24:21 | Build | Mining Camp |
| 24:44 | Build | Barracks |
| 24:57 | Build | Stable |
| 25:03 | Build | Stable |
| 25:05 | Research | Forging |
| 25:05 | Research | Scale Barding Armor |
| 25:43 | Build | Lumber Camp |
| 25:50 | Create | Archer ×5 |
| 26:22 | Research | Bloodlines |
| 26:27 | Build | Stable |
| 26:37 | Build | House |
| 26:51 | Age | Castle Age |
| 26:55 | Create | Camel Scout ×5 |
| 27:06 | Build | Stable |
| 27:18 | Research | Iron Casting |
| 27:24 | Create | Villager (Male) ×2 |
| 27:38 | Create | Camel Scout |
| 27:51 | Create | Camel Scout ×2 |
| 27:56 | Build | Farm |
| 28:18 | Create | Camel Scout ×3 |
| 28:23 | Build | Farm |
| 28:30 | Create | Villager (Male) |
| 28:44 | Create | Camel Scout |
| 29:15 | Create | Camel Scout |
| 29:17 | Create | Camel Scout |
| 29:19 | Create | Camel Scout |
| 29:37 | Build | House |
| 29:47 | Create | Villager (Male) ×5 |
| 29:53 | Build | Mining Camp |
| 29:56 | Build | House |
| 29:57 | Build | House |
| 29:58 | Build | House |
| 30:45 | Build | Farm |
| 30:52 | Create | Camel Scout ×5 |
| 31:14 | Research | Bow Saw |
| 32:01 | Create | Villager (Male) ×5 |
| 33:22 | Build | Building 487 |
| 33:49 | Create | Villager (Male) ×5 |
| 33:58 | Build | Town Center |
| 34:10 | Build | Archery Range |
| 34:17 | Build | Archery Range |
| 34:28 | Build | Mining Camp |
| 34:33 | Research | Wheelbarrow |
| 34:39 | Create | Villager (Male) ×5 |
| 34:47 | Research | Crossbowman (upgrade) |
| 34:54 | Research | Bodkin Arrow |
| 34:57 | Create | Archer ×5 |
| 34:58 | Create | Archer ×5 |
| 34:58 | Create | Archer ×5 |
| 35:04 | Create | Archer ×5 |
| 35:04 | Create | Archer ×5 |
| 35:04 | Create | Archer |
| 35:54 | Build | Stone Wall |
| 36:04 | Create | Villager (Male) ×5 |
| 36:08 | Research | Wheelbarrow |
| 36:40 | Build | Archery Range |
| 36:42 | Research | Gold Mining |
| 36:44 | Research | Heavy Plow |
| 37:18 | Build | Stone Wall |
| 37:23 | Build | Building 487 |
| 38:08 | Research | Stone Mining |
| 38:11 | Create | Villager (Male) ×5 |
| 38:18 | Build | Town Center |
| 38:27 | Research | Pikeman (upgrade) |
| 38:44 | Create | Villager (Male) ×5 |
| 39:12 | Build | Siege Workshop |
| 39:29 | Build | Siege Workshop |
Build order — remoba66_
First 150 of 334 actions detected
| 1:29 | Research | Loom |
| 1:30 | Create | Villager (Male) ×5 |
| 1:55 | Build | House |
| 3:44 | Create | Villager (Male) |
| 3:44 | Create | Villager (Male) ×2 |
| 3:47 | Build | House |
| 4:34 | Create | Villager (Male) |
| 4:34 | Create | Villager (Male) |
| 5:11 | Create | Villager (Male) |
| 5:11 | Create | Villager (Male) |
| 6:17 | Create | Villager (Male) ×2 |
| 6:17 | Create | Villager (Male) ×3 |
| 6:25 | Build | Mill |
| 6:29 | Build | House |
| 6:30 | Build | House |
| 6:30 | Build | House |
| 6:30 | Build | House |
| 6:30 | Build | House |
| 6:41 | Build | Lumber Camp |
| 7:10 | Create | Villager (Male) |
| 7:49 | Create | Villager (Male) |
| 7:49 | Create | Villager (Male) |
| 8:07 | Create | Villager (Male) |
| 8:07 | Create | Villager (Male) |
| 9:00 | Create | Villager (Male) |
| 9:00 | Create | Villager (Male) |
| 9:38 | Create | Villager (Male) ×2 |
| 9:56 | Build | House |
| 9:58 | Build | House |
| 10:04 | Create | Villager (Male) |
| 10:05 | Create | Villager (Male) |
| 10:17 | Build | Mill |
| 11:05 | Create | Villager (Male) |
| 11:05 | Create | Villager (Male) |
| 11:39 | Create | Villager (Male) |
| 11:40 | Create | Villager (Male) |
| 11:43 | Build | Mining Camp |
| 12:29 | Create | Villager (Male) |
| 12:42 | Build | Palisade Wall |
| 12:43 | Build | Palisade Wall |
| 12:52 | Build | Building 796 |
| 13:19 | Research | Feudal Age |
| 13:42 | Build | Barracks |
| 14:16 | Create | Militia |
| 14:16 | Create | Militia |
| 14:16 | Create | Militia |
| 14:41 | Create | Villager (Male) |
| 14:41 | Create | Villager (Male) |
| 15:09 | Build | Barracks |
| 15:23 | Age | Feudal Age |
| 15:27 | Research | Man-at-Arms (upgrade) |
| 15:46 | Create | Militia ×5 |
| 16:14 | Build | Stable |
| 16:18 | Research | Man-at-Arms (upgrade) |
| 16:24 | Build | House |
| 16:24 | Build | House |
| 16:25 | Build | House |
| 16:25 | Build | House |
| 16:25 | Build | House |
| 16:30 | Create | Villager (Male) ×4 |
| 16:56 | Create | Militia |
| 16:56 | Create | Militia |
| 17:21 | Build | Farm |
| 17:29 | Create | Militia |
| 17:36 | Build | Farm |
| 17:40 | Build | Farm |
| 17:49 | Build | Farm |
| 17:59 | Create | Scout Cavalry |
| 17:59 | Create | Scout Cavalry |
| 18:23 | Build | Farm |
| 18:29 | Build | Farm |
| 18:57 | Build | Farm |
| 19:00 | Build | Farm |
| 19:13 | Create | Villager (Male) |
| 19:13 | Create | Villager (Male) |
| 19:24 | Build | House |
| 19:24 | Build | House |
| 19:24 | Build | House |
| 19:25 | Build | House |
| 19:25 | Build | House |
| 19:25 | Build | House |
| 19:27 | Build | Farm |
| 19:47 | Build | Farm |
| 19:52 | Create | Villager (Male) |
| 19:52 | Create | Villager (Male) |
| 20:23 | Build | Archery Range |
| 20:27 | Create | Villager (Male) |
| 20:31 | Create | Scout Cavalry |
| 20:31 | Create | Scout Cavalry |
| 20:31 | Create | Scout Cavalry |
| 20:38 | Build | Farm |
| 20:43 | Create | Villager (Male) |
| 21:05 | Build | Farm |
| 21:11 | Create | Archer ×3 |
| 21:20 | Create | Scout Cavalry |
| 21:20 | Create | Scout Cavalry |
| 21:24 | Create | Villager (Male) |
| 21:29 | Build | Farm |
| 21:34 | Create | Villager (Male) |
| 21:35 | Create | Villager (Male) |
| 21:54 | Create | Villager (Male) |
| 21:54 | Create | Villager (Male) |
| 22:14 | Create | Scout Cavalry |
| 22:24 | Build | Farm |
| 22:26 | Build | Farm |
| 22:29 | Create | Villager (Male) |
| 22:37 | Build | Market |
| 23:20 | Create | Villager (Male) |
| 23:20 | Create | Villager (Male) |
| 23:26 | Build | Watch Tower |
| 23:39 | Build | Mining Camp |
| 23:59 | Research | Castle Age |
| 24:22 | Build | Farm |
| 24:35 | Build | Farm |
| 24:45 | Build | Stable |
| 24:47 | Build | Stable |
| 24:58 | Build | Blacksmith |
| 25:10 | Research | Double-Bit Axe |
| 25:21 | Research | Horse Collar |
| 25:22 | Research | Horse Collar |
| 25:36 | Research | Scale Barding Armor |
| 25:42 | Research | Forging |
| 25:46 | Create | Villager (Male) |
| 26:31 | Age | Castle Age |
| 26:38 | Build | Town Center |
| 26:43 | Create | Knight ×4 |
| 26:53 | Create | Villager (Male) |
| 26:53 | Create | Villager (Male) |
| 27:22 | Create | Villager (Male) ×3 |
| 27:22 | Create | Villager (Male) ×3 |
| 27:31 | Build | Mining Camp |
| 28:18 | Create | Camel Scout |
| 28:18 | Create | Camel Scout |
| 28:20 | Build | Farm |
| 28:25 | Build | Farm |
| 28:27 | Create | Villager (Male) |
| 28:28 | Create | Villager (Male) |
| 28:28 | Create | Villager (Male) |
| 28:48 | Build | Farm |
| 28:49 | Build | Farm |
| 29:42 | Build | Barracks |
| 29:58 | Create | Camel Scout ×5 |
| 29:58 | Create | Camel Scout ×5 |
| 30:03 | Create | Villager (Male) ×4 |
| 30:07 | Create | Villager (Male) |
| 30:08 | Create | Villager (Male) |
| 30:13 | Create | Villager (Male) |
| 30:14 | Create | Villager (Male) |
| 30:30 | Build | Siege Workshop |
| 30:36 | Build | Farm |
Build order — Gustavoten09
First 150 of 283 actions detected
| 0:01 | Create | Villager (Male) |
| 0:04 | Build | House |
| 0:07 | Build | House |
| 0:09 | Research | Loom |
| 0:10 | Create | Villager (Male) ×3 |
| 1:08 | Build | Palisade Wall |
| 1:28 | Build | Palisade Wall |
| 1:47 | Build | Lumber Camp |
| 2:11 | Create | Villager (Male) |
| 2:46 | Create | Villager (Male) |
| 3:16 | Create | Villager (Male) |
| 3:45 | Create | Villager (Male) |
| 4:09 | Build | House |
| 4:14 | Build | House |
| 4:16 | Create | Villager (Male) |
| 5:01 | Create | Villager (Male) |
| 5:20 | Create | Villager (Male) |
| 5:47 | Create | Villager (Male) ×3 |
| 6:41 | Create | Villager (Male) ×3 |
| 7:44 | Build | Mill |
| 7:54 | Create | Villager (Male) |
| 8:49 | Research | Feudal Age |
| 10:02 | Create | Villager (Male) |
| 10:12 | Build | Mining Camp |
| 11:06 | Research | Double-Bit Axe |
| 11:14 | Build | Stone Wall |
| 11:20 | Build | Stone Wall |
| 11:22 | Create | Villager (Male) |
| 11:45 | Create | Villager (Male) |
| 11:54 | Build | House |
| 11:55 | Build | House |
| 11:59 | Research | Wheelbarrow |
| 12:34 | Build | Outpost |
| 12:35 | Build | Outpost |
| 12:46 | Build | Outpost |
| 13:13 | Build | Lumber Camp |
| 13:18 | Build | House |
| 13:20 | Build | House |
| 13:35 | Create | Villager (Male) |
| 13:50 | Create | Villager (Male) |
| 14:03 | Research | Horse Collar |
| 14:12 | Build | Market |
| 14:20 | Create | Villager (Male) |
| 14:22 | Create | Villager (Male) |
| 14:38 | Build | Farm |
| 14:38 | Build | Farm |
| 14:39 | Build | Farm |
| 14:44 | Build | House |
| 14:45 | Build | House |
| 14:48 | Build | House |
| 15:19 | Create | Villager (Male) |
| 15:32 | Build | Farm |
| 15:39 | Build | Blacksmith |
| 15:43 | Create | Villager (Male) |
| 15:51 | Build | Barracks |
| 16:08 | Create | Villager (Male) |
| 16:16 | Build | House |
| 16:17 | Build | House |
| 16:20 | Build | House |
| 16:33 | Build | Farm |
| 16:37 | Create | Villager (Male) |
| 16:41 | Build | Farm |
| 17:05 | Create | Villager (Male) |
| 17:10 | Build | Farm |
| 17:28 | Build | Stable |
| 17:32 | Create | Villager (Male) |
| 17:36 | Build | Farm |
| 17:55 | Research | Castle Age |
| 18:18 | Build | Mining Camp |
| 18:24 | Research | Gold Mining |
| 18:43 | Build | Farm |
| 18:44 | Build | Farm |
| 18:44 | Build | Farm |
| 18:45 | Build | Farm |
| 18:56 | Build | Farm |
| 19:20 | Research | Stone Mining |
| 19:55 | Research | Bloodlines |
| 19:59 | Research | Forging |
| 20:36 | Build | Stable |
| 20:41 | Create | Knight |
| 20:54 | Build | Siege Workshop |
| 21:09 | Research | Husbandry |
| 21:11 | Create | Villager (Male) |
| 21:17 | Research | Bow Saw |
| 21:30 | Create | Mangonel |
| 21:41 | Create | Knight |
| 21:53 | Create | Knight |
| 21:55 | Create | Knight |
| 22:02 | Create | Villager (Male) |
| 22:04 | Create | Villager (Male) |
| 22:57 | Create | Knight |
| 22:58 | Create | Knight |
| 23:09 | Create | Villager (Male) |
| 23:10 | Create | Villager (Male) |
| 23:14 | Research | Heavy Plow |
| 23:49 | Create | Mangonel |
| 23:54 | Create | Villager (Male) |
| 24:05 | Build | Mill |
| 24:33 | Create | Knight |
| 24:33 | Create | Knight |
| 25:19 | Create | Villager (Male) ×5 |
| 25:32 | Build | Stone Wall |
| 25:59 | Create | Knight |
| 25:59 | Create | Knight |
| 26:22 | Research | Scale Barding Armor |
| 26:37 | Create | Knight |
| 27:24 | Build | Town Center |
| 27:27 | Create | Villager (Male) ×5 |
| 27:42 | Build | Town Center |
| 28:47 | Research | Hand Cart |
| 28:50 | Create | Villager (Male) ×5 |
| 29:06 | Create | Knight |
| 29:07 | Create | Knight |
| 29:30 | Research | Pikeman (upgrade) |
| 30:34 | Create | Spearman ×5 |
| 30:38 | Create | Villager (Male) |
| 30:39 | Create | Villager (Male) |
| 30:44 | Build | Farm |
| 30:44 | Build | Farm |
| 30:45 | Build | Farm |
| 30:56 | Create | Villager (Male) ×5 |
| 31:05 | Build | Farm |
| 31:05 | Build | Farm |
| 31:06 | Build | Farm |
| 31:06 | Build | Farm |
| 31:06 | Build | Farm |
| 31:06 | Build | Farm |
| 31:07 | Build | Farm |
| 31:07 | Build | Farm |
| 31:33 | Build | Castle |
| 31:41 | Build | Barracks |
| 31:42 | Build | Barracks |
| 31:46 | Create | Mangonel |
| 32:03 | Create | Villager (Male) |
| 32:04 | Create | Villager (Male) |
| 32:06 | Research | Town Watch |
| 32:24 | Build | House |
| 32:25 | Build | House |
| 32:26 | Build | House |
| 32:27 | Build | House |
| 32:27 | Build | House |
| 32:29 | Build | House |
| 32:38 | Create | Spearman ×5 |
| 32:41 | Research | Squires |
| 32:52 | Build | Farm |
| 32:52 | Build | Farm |
| 32:53 | Build | Farm |
| 32:53 | Build | Farm |
| 33:09 | Build | Mill |
| 33:12 | Build | Farm |
Build order — 猪队友怕不怕
First 150 of 321 actions detected
| 0:02 | Research | Loom |
| 0:02 | Create | Villager (Male) |
| 0:03 | Create | Villager (Male) |
| 0:03 | Create | Villager (Male) |
| 0:03 | Create | Villager (Male) |
| 0:04 | Create | Villager (Male) |
| 0:05 | Build | House |
| 1:26 | Build | Palisade Wall |
| 1:55 | Build | House |
| 2:08 | Build | House |
| 2:29 | Build | Palisade Wall |
| 2:33 | Create | Villager (Male) |
| 2:33 | Create | Villager (Male) |
| 2:59 | Build | House |
| 3:06 | Create | Villager (Male) |
| 3:07 | Create | Villager (Male) |
| 3:22 | Build | Palisade Wall |
| 3:55 | Create | Villager (Male) |
| 3:56 | Create | Villager (Male) |
| 4:12 | Create | Villager (Male) |
| 4:12 | Create | Villager (Male) |
| 4:30 | Create | Villager (Male) |
| 4:31 | Create | Villager (Male) |
| 4:59 | Create | Villager (Male) |
| 5:00 | Create | Villager (Male) |
| 5:27 | Create | Villager (Male) |
| 5:27 | Create | Villager (Male) |
| 5:57 | Create | Villager (Male) |
| 5:57 | Create | Villager (Male) |
| 5:58 | Create | Villager (Male) |
| 6:35 | Create | Villager (Male) |
| 6:36 | Create | Villager (Male) |
| 6:36 | Create | Villager (Male) |
| 6:48 | Create | Villager (Male) |
| 7:14 | Create | Villager (Male) |
| 7:15 | Create | Villager (Male) |
| 7:38 | Create | Villager (Male) |
| 7:38 | Create | Villager (Male) |
| 8:49 | Build | Mill |
| 9:19 | Build | Lumber Camp |
| 10:13 | Research | Feudal Age |
| 10:59 | Build | House |
| 11:02 | Build | House |
| 11:49 | Build | House |
| 12:18 | Create | Villager (Male) |
| 12:18 | Create | Villager (Male) |
| 12:23 | Age | Feudal Age |
| 12:28 | Build | Stone Wall |
| 12:32 | Build | Building 490 |
| 12:50 | Build | Mining Camp |
| 12:53 | Create | Villager (Male) |
| 12:53 | Create | Villager (Male) |
| 13:12 | Build | Market |
| 13:45 | Build | Blacksmith |
| 15:18 | Build | Mill |
| 15:20 | Research | Castle Age |
| 15:34 | Research | Double-Bit Axe |
| 15:47 | Build | Lumber Camp |
| 16:06 | Build | Stone Wall |
| 16:11 | Build | Stone Wall |
| 17:13 | Build | House |
| 17:15 | Build | House |
| 17:17 | Build | House |
| 17:29 | Research | Horse Collar |
| 17:35 | Research | Fletching |
| 17:53 | Research | Gold Mining |
| 18:00 | Age | Castle Age |
| 18:03 | Create | Villager (Male) |
| 18:03 | Create | Villager (Male) |
| 18:03 | Create | Villager (Male) |
| 18:28 | Build | Siege Workshop |
| 18:56 | Create | Villager (Male) |
| 18:57 | Create | Villager (Male) |
| 19:32 | Build | Mining Camp |
| 19:39 | Create | Mangonel |
| 19:44 | Create | Villager (Male) |
| 19:45 | Create | Villager (Male) |
| 20:05 | Build | Barracks |
| 20:54 | Build | Archery Range |
| 21:11 | Create | Mangonel |
| 21:40 | Build | Archery Range |
| 21:41 | Create | Cavalry Archer |
| 22:03 | Create | Mangonel |
| 22:08 | Research | Bodkin Arrow |
| 22:15 | Create | Cavalry Archer |
| 22:16 | Create | Cavalry Archer |
| 22:21 | Create | Genitour |
| 22:35 | Build | House |
| 22:38 | Build | House |
| 22:38 | Build | House |
| 22:40 | Build | House |
| 22:45 | Create | Mangonel |
| 24:16 | Build | Monastery |
| 24:44 | Create | Genitour |
| 24:45 | Create | Genitour |
| 24:45 | Create | Genitour |
| 24:58 | Create | Monk |
| 25:51 | Build | Farm |
| 25:52 | Build | Farm |
| 25:54 | Build | Farm |
| 25:55 | Build | Farm |
| 25:57 | Build | Farm |
| 25:59 | Build | Farm |
| 26:00 | Build | Farm |
| 26:01 | Build | Farm |
| 26:03 | Build | Farm |
| 26:49 | Build | Farm |
| 27:14 | Build | Castle |
| 27:29 | Build | Farm |
| 27:31 | Build | Farm |
| 27:32 | Build | Farm |
| 27:34 | Build | Farm |
| 27:35 | Build | Farm |
| 27:37 | Build | Farm |
| 27:42 | Build | Farm |
| 27:49 | Build | Town Center |
| 27:52 | Create | Villager (Male) |
| 27:52 | Create | Villager (Male) |
| 28:43 | Create | Villager (Male) |
| 28:43 | Create | Villager (Male) |
| 28:44 | Create | Villager (Male) |
| 28:44 | Create | Villager (Male) |
| 29:14 | Create | Villager (Male) |
| 29:14 | Create | Villager (Male) |
| 29:14 | Create | Villager (Male) |
| 29:15 | Create | Villager (Male) |
| 30:15 | Build | Farm |
| 30:16 | Build | Farm |
| 30:19 | Build | Farm |
| 30:21 | Build | Farm |
| 30:23 | Build | Farm |
| 30:46 | Create | Villager (Male) |
| 30:46 | Create | Villager (Male) |
| 30:46 | Create | Villager (Male) |
| 30:47 | Create | Villager (Male) |
| 31:20 | Build | Town Center |
| 31:24 | Create | Villager (Male) |
| 31:24 | Create | Villager (Male) |
| 32:08 | Build | Farm |
| 32:09 | Build | Farm |
| 32:10 | Build | Farm |
| 32:12 | Build | Farm |
| 32:13 | Build | Farm |
| 32:15 | Build | Farm |
| 32:16 | Build | Farm |
| 32:29 | Build | Farm |
| 32:45 | Research | Imperial Age |
| 33:27 | Create | Villager (Male) |
| 33:27 | Create | Villager (Male) |
| 33:28 | Create | Villager (Male) |
Match timeline
| 1:08 | Gustavoten09 · wall_segment Palisade Wall x6 |
| 1:26 | 猪队友怕不怕 · wall_segment Palisade Wall x6 |
| 1:28 | Gustavoten09 · wall_segment Palisade Wall x9 |
| 2:29 | 猪队友怕不怕 · wall_segment Palisade Wall x2 |
| 3:22 | 猪队友怕不怕 · wall_segment Palisade Wall x8 |
| 4:26 | Lord Bendtner · wall_segment Palisade Wall x8 |
| 6:49 | Lord Bendtner · wall_segment Palisade Wall x8 |
| 10:01 | Lord Bendtner · first_building Barracks |
| 11:14 | Gustavoten09 · wall_segment Stone Wall x9 |
| 11:20 | Gustavoten09 · wall_segment Stone Wall x10 |
| 12:23 | 猪队友怕不怕 · age_up feudal |
| 12:28 | 猪队友怕不怕 · wall_segment Stone Wall x11 |
| 12:42 | remoba66_ · wall_segment Palisade Wall x8 |
| 12:43 | remoba66_ · wall_segment Palisade Wall x1 |
| 13:38 | Lord Bendtner · age_up feudal |
| 13:42 | remoba66_ · first_building Barracks |
| 14:26 | Lord Bendtner · first_building Archery Range |
| 15:23 | remoba66_ · age_up feudal |
| 15:51 | Gustavoten09 · first_building Barracks |
| 16:06 | Lord Bendtner · wall_segment Stone Wall x11 |
| 16:06 | 猪队友怕不怕 · wall_segment Stone Wall x5 |
| 16:11 | 猪队友怕不怕 · wall_segment Stone Wall x11 |
| 16:14 | remoba66_ · first_building Stable |
| 17:28 | Gustavoten09 · first_building Stable |
| 18:00 | 猪队友怕不怕 · age_up castle |
| 18:28 | 猪队友怕不怕 · first_building Siege Workshop |
| 20:05 | 猪队友怕不怕 · first_building Barracks |
| 20:16 | Lord Bendtner · wall_segment Stone Wall x10 |
| 20:23 | remoba66_ · first_building Archery Range |
| 20:54 | 猪队友怕不怕 · first_building Archery Range |
| 20:54 | Gustavoten09 · first_building Siege Workshop |
| 23:39 | Lord Bendtner · wall_segment Stone Wall x8 |
| 23:52 | remoba66_ · first_market_buy 100 food |
| 24:16 | 猪队友怕不怕 · first_building Monastery |
| 24:57 | Lord Bendtner · first_building Stable |
| 25:32 | Gustavoten09 · wall_segment Stone Wall x1 |
| 26:31 | remoba66_ · age_up castle |
| 26:51 | Lord Bendtner · age_up castle |
| 27:14 | 猪队友怕不怕 · first_building Castle |
| 30:30 | remoba66_ · first_building Siege Workshop |
| 31:33 | Gustavoten09 · first_building Castle |
| 33:37 | 猪队友怕不怕 · first_building Stable |
| 33:52 | remoba66_ · first_building Castle |
| 35:16 | Gustavoten09 · first_building Monastery |
| 35:54 | Lord Bendtner · wall_segment Stone Wall x11 |
| 35:55 | 猪队友怕不怕 · age_up imperial |
| 37:18 | Lord Bendtner · wall_segment Stone Wall x6 |
| 39:12 | Lord Bendtner · first_building Siege Workshop |
| 41:21 | Lord Bendtner · first_building Castle |
| 43:21 | remoba66_ · wall_segment Stone Wall x6 |
| 43:42 | remoba66_ · first_market_sell 500 stone |
| 46:28 | Lord Bendtner · age_up imperial |
| 46:47 | remoba66_ · age_up imperial |
| 49:39 | remoba66_ · wall_segment Stone Wall x15 |
| 49:56 | 猪队友怕不怕 · resign |
[ AI ANALYSIS · 1 CREDIT ]
What really happened in this match?
Wolo.gg analyzes every decision: build order, eco, micro, common mistakes by bracket. Personalized analysis on WhatsApp or Discord in 30 seconds.
Civ guide
Berbers
Map guide
Black Forest
Perfil
Lord Bendtner